 Dungeon Crawl Stone Soup version 0.20-a0-463-g5747544 (webtiles) character file.

64 ChocoNymphy the Skirmisher (level 3, -3/34 HPs)
             Began as a Minotaur Monk on Jan 10, 2017.
             Slain by Ijyb
             ... wielding a +5 club
              (5 damage)
             ... on level 2 of the Dungeon.
             The game lasted 00:05:08 (1460 turns).

ChocoNymphy the Skirmisher (Minotaur Monk)          Turns: 1460, Time: 00:05:09

Health: -3/34      AC:  2    Str: 16    XL:     3   Next: 91%
Magic:  2/2        EV: 13    Int:  7    God:
Gold:   59         SH:  0    Dex: 12    Spells: 2/2 levels left

rFire  . . .     SeeInvis .     a - +0 falchion
rCold  . . .     Gourm    .     b - +0 robe
rNeg   . . .     Faith    .     (no shield)
rPois  .         Spirit   .     (helmet restricted)
rElec  .         Reflect  .     (no cloak)
rCorr  .         Harm     .     (no gloves)
MR     .....                    (no boots)
Stlth  ++........               (no amulet)
                                (no ring)
                                (no ring)

@: no status effects
A: retaliatory headbutt, horns 2
a: no special abilities


You were on level 2 of the Dungeon.
You were near starving.

You visited 1 branch of the dungeon, and saw 2 of its levels.

You collected 59 gold pieces.

Inventory:

Hand Weapons
 a - a +0 falchion (weapon)
Missiles
 f - 13 sling bullets
 g - 19 bolts
Armour
 b - a +0 robe (worn)
Scrolls
 e - 2 scrolls of noise {unknown}
 h - a scroll of identify {unknown}
 p - 2 scrolls of recharging {unknown}
 r - a scroll of enchant weapon {unknown}
Potions
 i - 2 potions of cure mutation {unknown}
 j - a potion of resistance {unknown}
 k - a potion of lignification {unknown}
 l - a potion of beneficial mutation {unknown}
 m - 2 potions of haste {unknown}
 n - a potion of heal wounds {unknown}
 q - a potion of curing {unknown}
 s - a potion of invisibility
Comestibles
 c - 2 bread rations
 d - a meat ration
 o - a beef jerky


   Skills:
 + Level 4.6 Fighting
 + Level 4.4 Long Blades
 + Level 3.7 Dodging
 + Level 1.9 Stealth


You had 2 spell levels left.
You didn't know any spells.

Dungeon Overview and Level Annotations

Branches:
Dungeon (2/15)

Altars:

Annotations:
D:2 Ijyb


Innate Abilities, Weirdness & Mutations

You reflexively headbutt those who attack you in melee.
You have a pair of horns on your head.


Message History

You hit the jackal.
You kill the jackal!
Ijyb hits you with an enchanted club! Ijyb hits you with an enchanted club.
Ijyb drinks a potion.
Ijyb flickers and vanishes!
Deactivating autopickup; reactivate with Ctrl-A.
You hit the rat.
The rat is heavily wounded.
The rat barely misses you.
You riposte.
You hit the rat.
You kill the rat!
You barely miss something. Something hits you.
You slash something! You headbutt something.
Something hits you but does no damage.
You closely miss something. Your headbutt misses something. Something hits you.
You miss something. Your headbutt misses something. Something hits you.
* * * LOW HITPOINT WARNING * * *
You barely miss something. Something hits you!
* * * LOW HITPOINT WARNING * * *
You miss something. Something hits you.
You die...

#.... . #...##. ##
#####.... #..........
......... #...##.>...
......... #...##.##.#
#........ ##...##..#.#
#........ .....##..#.#
#........ .....#
###..##..#.## ###.......#
#....+ ###.###...[.##
#@......... #....#
[............###.##.......
#.... ###.####.###.....#
....... ... # .........#
#.###.# ....... #.# #
###.###### #.# #.#
#+########.### #.#
#####.#######.###.........
#.#
#...................###.##
#.########.####.##.##....#
#.## ###........).#
#.##.##....###..#


There were no monsters in sight!

Vanquished Creatures
  A gnoll (D:1)
  An adder (D:2)
  An ooze (D:2)
  A leopard gecko (D:1)
  5 bats
  4 giant cockroaches
  5 goblins
  4 hobgoblins
  6 jackals (D:2)
  4 kobolds
  A quokka (D:2)
  A frilled lizard (D:1)
  2 rats
36 creatures vanquished.

Notes
Turn   | Place    | Note
-------+----------+-------------------------------------------
     0 | D:1      | ChocoNymphy the Minotaur Monk began the quest for the Orb.
     0 | D:1      | Reached XP level 1. HP: 19/19 MP: 0/0
    38 | D:1      | Reached XP level 2. HP: 16/27 MP: 1/1
   533 | D:1      | Reached XP level 3. HP: 33/33 MP: 2/2
  1445 | D:2      | Noticed Ijyb
  1460 | D:2      | Slain by Ijyb

Vault maps used:
D:1:      dpeg_arrival_long_road, minmay_tripent
D:2:      uniq_iyjb

Skill      XL: |  1  2 |
---------------+-------+-----
Long Blades    | 4 |  4.4
Fighting       | 4 |  4.6
Dodging        | |  3.7
Stealth        | |  1.9

Action                   || total
-------------------------++-------
Melee: Falchion          ||    64
       Headbutt          ||    16
 Stab: Sleeping          ||     1
Armor: Robe              ||    16
Dodge: Dodged            ||    58
       Rpst.: Falchion   ||    23
